 Dungeon Crawl Stone Soup version 0.21.1-1-g345015f (webtiles) character file.

54864 infcreate the Severer (level 14, -5/129 HPs)
             Began as a Minotaur Fighter on May 17, 2018.
             Was a High Priest of Trog.
             Slain by a black mamba (9 damage)
             ... on level 1 of the Snake Pit.
             The game lasted 01:20:33 (13596 turns).

infcreate the Severer (Minotaur Fighter)           Turns: 13596, Time: 01:20:35

Health: -5/129     AC: 22    Str: 25    XL:     14   Next: 36%
Magic:  22/22      EV:  9    Int:  5    God:    Trog [*****.]
Gold:   1198       SH:  0    Dex: 11    Spells: 13/13 levels left

rFire    . . .     SeeInvis .   y - +4 broad axe (chop)
rCold    . . .     Gourm    .   c - +0 shield
rNeg     + . .     Faith    .   K - +2 plate armour {rN+}
rPois    .         Spirit   .   F - +1 hat
rElec    .         Reflect  .   J - +0 cloak {MR+}
rCorr    .         Harm     .   s - +0 pair of gloves
MR       +++++                  (no boots)
Stlth    ..........             q - amulet of regeneration
HPRegen  1.71/turn              B - ring "Haonotet" {+Fly MR++ MP+9}
MPRegen  0.18/turn              E - ring of protection from magic

@: confused, lethally poisoned (-5 -> -9), berserk cooldown, regenerating,
slowed, very slow
A: retaliatory headbutt, horns 2
a: Berserk, Trog's Hand, Brothers in Arms, Burn Spellbooks, Renounce Religion,
Evoke Flight


You were on level 1 of the Snake Pit.
You worshipped Trog.
Trog was extremely pleased with you.
You were near starving.

You visited 3 branches of the dungeon, and saw 15 of its levels.
You also visited: Labyrinth and Ice Cave.

You collected 1198 gold pieces.

Inventory:

Hand Weapons
 y - a +4 broad axe of chopping (weapon)
Armour
 c - a +0 shield (worn)
 s - a +0 pair of gloves (worn)
 F - a +1 hat (worn)
 J - a +0 cloak of magic resistance (worn)
 K - a +2 plate armour of positive energy (worn)
Jewellery
 n - an uncursed ring of poison resistance
 q - an amulet of regeneration (around neck)
 B - the ring "Haonotet" (left hand) {+Fly MR++ MP+9}
   (You found it on level 6 of the Dungeon)

   [ring of flight]

   It affects your resistance to hostile enchantments.
   It affects your magic capacity (+9).
   It lets you fly.
 E - a ring of protection from magic (right hand)
 L - an uncursed ring of protection from cold
Wands
 u - a wand of scattershot (7)
 z - a wand of paralysis (6)
 D - a wand of enslavement (17)
 G - a wand of acid (5)
 H - a wand of disintegration (8)
 I - a wand of digging (12)
Scrolls
 e - 7 scrolls of identify
 h - 5 scrolls of teleportation
 i - 8 scrolls of remove curse
 k - 4 scrolls of immolation
 o - 5 scrolls of blinking
 v - 2 scrolls of vulnerability {unknown}
 w - a scroll of brand weapon {unknown}
 x - a scroll of fear {unknown}
 C - 4 scrolls of noise {unknown}
 M - 2 scrolls of fog {unknown}
 N - a scroll of random uselessness {unknown}
 P - a scroll of magic mapping
Potions
 a - 2 potions of haste {unknown}
 b - a potion of lignification
 d - 3 potions of might
 g - a potion of berserk rage {unknown}
 j - a potion of heal wounds
 l - a potion of mutation
 m - 4 potions of agility {unknown}
 p - a potion of brilliance {unknown}
 r - 5 potions of curing
 t - a potion of ambrosia
 A - 3 potions of degeneration {unknown}
 O - a potion of magic {unknown}
Comestibles
 f - 27 rations
 Q - 2 chunks of flesh


   Skills:
 + Level 13.4 Fighting
 + Level 18.5 Axes
 + Level 13.9 Armour
 + Level 3.9 Dodging
 + Level 12.5 Shields


You had 13 spell levels left.
You didn't know any spells.

Dungeon Overview and Level Annotations

Branches:
Dungeon (8/15)             Temple (0/1) D:7            Lair (6/6) D:8
  Swamp (0/4) Lair:4        Snake (1/4) Lair:3        Slime (0/5) Lair:5

Altars:
Cheibriados
Elyvilon
Fedhas
Nemelex Xobeh
Trog
Uskayaw
Vehumet
Wu Jian
Xom
The Shining One
Jiyva

Shops:
D:5 (


Innate Abilities, Weirdness & Mutations

You reflexively headbutt those who attack you in melee.
You have a pair of horns on your head.


Message History

The black mamba poisons you! The black mamba bites you!
* * * LOW HITPOINT WARNING * * *
* * * LOW HITPOINT WARNING * * *
You feel very sick.
The black mamba bites you but does no damage.
You block the black mamba's attack.
* * * LOW HITPOINT WARNING * * *
You feel very sick.
The black mamba bites you but does no damage.
* * * LOW HITPOINT WARNING * * *
You feel very sick. You block the black mamba's attack.
The black mamba closely misses you.
It was a potion of ambrosia.
You are confused.
You feel invigorated.
You feel very sick. The black mamba bites you.
* * * LOW HITPOINT WARNING * * *
The black mamba bites you!
You die...

##.# #..# #............# # ##.#
#.# #........(..## ##.# .#
#.......##NN.## ##.# #
###..#####NN## ##.# #..#####.##
##.## #.....##N# ....##
#.###N.N.# .....## #. #.S####
......#.# #.##@....# ......#..
#.#..###.# ......# .## #...##
#.########## ...)..# ..###.###
#.#........# ......# #.....#
#.#........# .....####.....#
#..........#
..............########........#
......###...........##........#
......#.........###...........#


You could see a salamander, a naga ritualist, a black mamba and a naga mage.

Vanquished Creatures
  Gastronok (D:8)
  Kirke (Snake:1)
  A frost giant (IceCv)
  The ghost of infcreate the Severer, a journeyman MiFi of Trog (Snake:1)
  Aizul (Snake:1)
  3 dire elephants (Lair:6)
  A minotaur (Lab)
  A hydra (Lair:3)
  2 anacondas
  2 two-headed ogres (D:8)
  A death yak (IceCv)
  Pikel (D:6)
  9 elephants
  A salamander (Snake:1)
  10 black mambas
  9 spiny frogs
  Joseph (D:7)
  Psyche (D:8)
  A naga mage (Snake:1)
  4 gargoyles (Lab)
  5 rime drakes
  12 komodo dragons
  A queen bee (Lair:3)
  17 polar bears
  2 minotaur zombies (Lab)
  11 hippogriffs
  14 blink frogs
  46 yaks
  3 hogs (Snake:1)
  A steam dragon (D:8)
  The ghost of Lidrolic the Covered, an amateur HuFi of Fedhas (D:3)
  2 hungry ghosts
  2 basilisks
  2 nagas (Snake:1)
  22 water moccasins
  6 porcupines
  A slave (D:6)
  2 phantoms
  A sky beast (D:6)
  13 wolves (IceCv)
  4 ogres
  2 centaurs
  11 crocodiles
  A big kobold (D:7)
  6 bullfrogs
  Blork the orc (D:6)
  A wyvern zombie (D:6)
  3 scorpions
  15 killer bees (Lair:3)
  8 wights
  The ghost of kae the Insei, a weakling DsTm (D:4)
  3 crimson imps
  A bullfrog zombie (D:5)
  A jelly (D:5)
  9 orc priests
  2 hounds (D:7)
  2 bullfrog skeletons
  4 iguanas
  3 orc wizards
  5 worker ants
  A hound skeleton (D:6)
  A hound zombie (D:8)
  A worker ant zombie (D:7)
  4 gnolls (D:3)
  21 adders
  2 shadow imps (D:5)
  12 white imps (Lair:4)
  An adder zombie (D:5)
  An adder skeleton (D:5)
  3 worms
  A dart slug (D:2)
  5 leopard geckos
  24 orcs
  4 ball pythons
  5 giant cockroaches
  11 goblins
  8 hobgoblins
  4 jackals
  7 quokkas
  8 bats
  5 frilled lizards
  11 kobolds
  11 rats
  6 fungi
  6 plants
462 creatures vanquished.

Vanquished Creatures (others)
  A bullfrog (D:6)
  4 fungi
  4 plants (Lair:6)
9 creatures vanquished.

Grand Total: 471 creatures vanquished

Notes
Turn   | Place    | Note
-------+----------+-------------------------------------------
     0 | D:1      | infcreate the Minotaur Fighter began the quest for the Orb.
     0 | D:1      | Reached XP level 1. HP: 19/19 MP: 0/0
   241 | D:1      | Reached XP level 2. HP: 24/27 MP: 1/1
   395 | D:1      | Reached skill level 3 in Axes
   671 | D:2      | Reached XP level 3. HP: 33/33 MP: 2/2
  1026 | D:2      | Found a snail-covered altar of Cheibriados.
  1055 | D:2      | Reached XP level 4. HP: 37/40 MP: 3/3
  1412 | D:3      | Reached skill level 4 in Axes
  1414 | D:3      | Reached skill level 1 in Dodging
  1514 | D:3      | Reached XP level 5. HP: 41/46 MP: 4/4
  1644 | D:3      | Found a white marble altar of Elyvilon.
  1682 | D:3      | Noticed Lidrolic's ghost (amateur HuFi)
  1800 | D:3      | Killed Lidrolic's ghost
  1800 | D:3      | Reached skill level 5 in Axes
  1800 | D:3      | Reached XP level 6. HP: 33/53 MP: 5/5
  2059 | D:3      | Found a bloodstained altar of Trog.
  2064 | D:3      | Became a worshipper of Trog the Wrathful
  2286 | D:4      | Found a sparkling altar of Nemelex Xobeh.
  2327 | D:4      | Reached skill level 5 in Armour
  2330 | D:4      | Found a radiant altar of Vehumet.
  2376 | D:4      | Reached skill level 5 in Shields
  2379 | D:4      | Reached skill level 6 in Axes
  2713 | D:4      | Noticed kae's ghost (weakling DsTm)
  2730 | D:4      | Killed kae's ghost
  2730 | D:4      | Reached XP level 7. HP: 60/60 MP: 6/6
  2915 | D:5      | Entered Level 5 of the Dungeon
  2915 | D:5      | Found Oliteceg's Weapon Emporium.
  2921 | D:5      | Reached * piety under Trog
  3076 | D:5      | Found a blossoming altar of Fedhas.
  3125 | D:5      | Reached skill level 7 in Axes
  3243 | D:5      | Found a glowing golden altar of the Shining One.
  3260 | D:5      | Found a shimmering altar of Xom.
  3425 | D:5      | Reached skill level 5 in Fighting
  3522 | D:5      | Reached XP level 8. HP: 66/68 MP: 7/7
  3612 | D:6      | Noticed Blork the orc
  3624 | D:6      | Killed Blork the orc
  3661 | D:6      | Reached skill level 8 in Axes
  3690 | D:6      | Reached ** piety under Trog
  3704 | D:6      | Noticed Pikel
  3710 | D:6      | Paralysed by Pikel for 3 turns
  3716 | D:6      | Paralysed by Pikel for 4 turns
  3720 | D:6      | HP: 2/68 [water moccasin (6)]
  3729 | D:6      | Killed Pikel
  3729 | D:6      | Reached skill level 9 in Axes
  3905 | D:6      | Reached XP level 9. HP: 53/75 MP: 8/8
  4066 | D:6      | Found a hide-covered altar of Uskayaw.
  4224 | D:6      | Got a pitted amber ring
  4225 | D:6      | Identified the ring "Haonotet" {+Fly MR++ MP+9} (You found it on level 6 of the Dungeon)
  4392 | D:7      | Found a staircase to the Ecumenical Temple.
  4392 | D:7      | Noticed Joseph
  4412 | D:7      | Killed Joseph
  4412 | D:7      | Reached skill level 10 in Axes
  4664 | D:7      | Reached *** piety under Trog
  4999 | D:7      | Reached skill level 11 in Axes
  5223 | D:8      | Found an ornate altar of the Wu Jian Council.
  5255 | D:8      | Noticed a two-headed ogre
  5262 | D:8      | Killed a two-headed ogre
  5262 | D:8      | Reached XP level 10. HP: 86/86 MP: 9/9
  5287 | D:8      | Noticed Gastronok
  5305 | D:8      | Killed Gastronok
  5305 | D:8      | Reached skill level 12 in Axes
  5654 | D:8      | Found a staircase to the Lair.
  5679 | D:8      | Reached skill level 10 in Armour
  5755 | D:8      | Noticed a two-headed ogre
  5759 | D:8      | Killed a two-headed ogre
  5759 | D:8      | Reached skill level 13 in Axes
  5898 | D:8      | Noticed Psyche
  5949 | D:8      | Reached **** piety under Trog
  6103 | D:8      | Killed Psyche
  6103 | D:8      | Reached XP level 11. HP: 81/95 MP: 10/10
  6443 | Lair:1   | Entered Level 1 of the Lair of Beasts
  6557 | Lair:1   | Found a labyrinth entrance.
  6568 | Lab      | Entered a labyrinth
  7058 | Lab      | Noticed a minotaur
  7065 | Lab      | Killed a minotaur
  7065 | Lab      | Reached skill level 14 in Axes
  7397 | Lab      | Got a bronze scale mail
  7430 | Lab      | Identified the cursed +0 scale mail of the Locust {rF++} (You found it in a labyrinth)
  8149 | Lair:2   | Reached skill level 10 in Fighting
  8192 | Lair:2   | Reached skill level 15 in Axes
  8222 | Lair:2   | Reached XP level 12. HP: 28/106 MP: 11/11
  8744 | Lair:3   | Noticed an eight-headed hydra
  8757 | Lair:3   | Killed a 12-headed hydra
  8908 | Lair:3   | Found a staircase to the Snake Pit.
  8983 | Lair:3   | Reached ***** piety under Trog
  9006 | Lair:3   | Reached skill level 10 in Shields
  9284 | Lair:3   | Reached skill level 16 in Axes
  9632 | Lair:4   | Found a frozen archway.
  9658 | IceCv    | Entered an ice cave
  9756 | IceCv    | Reached XP level 13. HP: 109/116 MP: 12/12
  9936 | IceCv    | Reached skill level 17 in Axes
  9938 | IceCv    | Reached ****** piety under Trog
 10018 | IceCv    | Noticed a frost giant
 10043 | IceCv    | Killed a frost giant
 10063 | IceCv    | HP: 3/117 [polar bear (3)]
 10750 | Lair:4   | Found a staircase to the Swamp.
 11868 | Lair:5   | Found a viscous altar of Jiyva.
 11868 | Lair:5   | Found a staircase to the Slime Pits.
 12074 | Lair:6   | Entered Level 6 of the Lair of Beasts
 12486 | Lair:6   | Received a gift from Trog
 12740 | Lair:6   | Reached skill level 18 in Axes
 12862 | Lair:6   | Noticed a dire elephant
 12869 | Lair:6   | Killed a dire elephant
 12869 | Lair:6   | Reached XP level 14. HP: 104/127 MP: 13/13
 13164 | Snake:1  | Entered Level 1 of the Snake Pit
 13188 | Snake:1  | Noticed infcreate's ghost (journeyman MiFi)
 13210 | Snake:1  | Killed infcreate's ghost
 13499 | Snake:1  | Noticed Kirke
 13514 | Snake:1  | Killed Kirke
 13551 | Snake:1  | Noticed Aizul
 13579 | Snake:1  | Killed Aizul
 13595 | Snake:1  | HP: 6/129 [poisoned by a black mamba]
 13596 | Snake:1  | Slain by a black mamba

Skill      XL: |  1  2  3  4  5  6  7  8  9 10 11 12 13 14 |
---------------+-------------------------------------------+-----
Shields        | 4 5 6 7 8 9 10 12 | 12.5
Axes           | 3 4 5 6 7 9 11 13 15 16 18 | 18.5
Fighting       | 4 5 6 7 8 10 11 12 13 | 13.4
Armour         | 4 5 6 7 8 10 11 12 13 | 13.9
Dodging        | 1 2 3 |  3.9

Action                   |  1- 3 |  4- 6 |  7- 9 | 10-12 | 13-15 || total
-------------------------+-------+-------+-------+-------+-------++-------
Melee: War axe           |   108 |   130 |    75 |       |       ||   313
       Headbutt          |    15 |    25 |    41 |    97 |   105 ||   283
       Broad axe         |       |       |   143 |   494 |   432 ||  1069
Invok: Burn Spellbooks   |       |     2 |     3 |     3 |     3 ||    11
       Berserk           |       |       |     1 |     2 |     2 ||     5
       Trog's Hand       |       |       |       |       |     3 ||     3
  Use: Scroll            |       |     1 |     4 |    13 |     3 ||    21
       Potion            |       |       |     2 |     2 |     8 ||    12
  Eat: Chunk             |     1 |     5 |     6 |    12 |    10 ||    34
       Ration            |       |       |     2 |     2 |     1 ||     5
Armor: Scale mail        |    67 |    33 |    15 |       |       ||   115
       Chain mail        |       |       |    82 |    38 |       ||   120
       Plate armour      |       |       |       |   171 |   234 ||   405
Dodge: Dodged            |    32 |    44 |    70 |   119 |   113 ||   378
Block: Shield            |    72 |    61 |    92 |   282 |   248 ||   755
